 Dungeon Crawl Stone Soup version 0.25-a0-701-gb30f108 (webtiles) character file.

Game seed: 14969885986065668483, levelgen mode: deterministic

1859 MrTaco21 the Basher (level 9, -1/51 HPs)
             Began as a Gargoyle Fighter on Apr 3, 2020.
             Slain by an orc warrior
             ... wielding a +0 scimitar
              (5 damage)
             ... in the Ecumenical Temple.
             The game lasted 00:09:38 (5249 turns).

MrTaco21 the Basher (Gargoyle Fighter)              Turns: 5249, Time: 00:09:38

Health: -1/51      AC: 17    Str: 23    XL:     9   Next: 13%
Magic:  9/9        EV:  5    Int: 19    God:
Gold:   254        SH:  8    Dex:  4    Spells: 8/8 levels left

rFire    . . .     SeeInvis .   C - +5 falchion of Armageddon {vorpal, rPois Int+8 Dex-5}
rCold    . . .     Gourm    .   c - +0 kite shield
rNeg     + . .     Faith    .   q - +0 chain mail
rPois    ∞         Spirit   .   z - +0 helmet
rElec    +         Reflect  .   o - +0 cloak
rCorr    .         Harm     .   (no gloves)
MR       .....                  (no boots)
Stlth    ..........             (no amulet)
HPRegen  0.17/turn              p - +2 ring of intelligence
MPRegen  0.11/turn              t - ring of wizardry

@: no status effects
A: negative energy resistance 1, electricity resistance, unbreathing,
petrification resistance, rot immunity, AC +6
a: no special abilities


You were in the Ecumenical Temple.
You were hungry.

You visited 2 branches of the dungeon, and saw 7 of its levels.

You collected 254 gold pieces.

Inventory:

Hand Weapons
 w - a +2 whip of flaming
   (You took it off Pikel on level 3 of the Dungeon)
 C - the +5 falchion of Armageddon (weapon) {vorpal, rPois Int+8 Dex-5}
   (You found it on level 5 of the Dungeon)

   It inflicts extra damage upon your enemies.
   It affects your intelligence (+8).
   It affects your dexterity (-5).
   It protects you from poison.
Missiles
 v - 11 poisoned darts (quivered)
Armour
 c - a +0 kite shield (worn)
 o - a +0 cloak (worn)
   (You found it on level 1 of the Dungeon)
 q - a +0 chain mail (worn)
   (You found it on level 1 of the Dungeon)
 z - a +0 helmet (worn)
   (You found it on level 4 of the Dungeon)
 B - a +0 plate armour
   (You found it on level 5 of the Dungeon)
Jewellery
 p - a +2 ring of intelligence (left hand)
   (You found it on level 1 of the Dungeon)
 t - a ring of wizardry (right hand)
   (You found it on level 3 of the Dungeon)
Scrolls
 a - 3 scrolls of enchant armour
 b - a scroll of enchant weapon {unknown}
 g - 2 scrolls of teleportation {@r4}
 i - a scroll of blinking {unknown}
 j - 3 scrolls of magic mapping
 n - a scroll of immolation {unknown}
 s - 3 scrolls of remove curse {@r2}
 x - a scroll of fog {unknown}
Potions
 d - a potion of might
 f - a potion of stabbing {unknown}
 h - a potion of degeneration {unknown}
 k - a potion of invisibility {unknown}
 l - 3 potions of curing {unknown}
 m - 2 potions of haste {unknown}
 r - a potion of flight {unknown}
 u - a potion of cancellation {unknown}
 A - 2 potions of heal wounds {unknown}
Comestibles
 e - 6 rations {!d}


   Skills:
 - Level 3.2 Fighting
 + Level 11.5 Maces & Flails
 - Level 3.2 Armour
 - Level 3.2 Shields


You had 8 spell levels left.
You didn't know any spells.
Your spell library contained the following spells:

 Spells                   Type           Power        Failure   Level  Hunger
 Freeze                   Ice            #...         95%         1    ##.....
 Frozen Ramparts          Ice            #.....       100%        3    ####...
 Ozocubu's Armour         Chrm/Ice       #.......     100%        3    ####...
 Hailstorm                Conj/Ice       #.......     100%        4    #####..
 Summon Ice Beast         Ice/Summ       #.......     100%        4    #####..


Dungeon Overview and Level Annotations

Branches:
Dungeon (6/15)             Temple (1/1) D:6

Altars:
Ashenzari
Cheibriados
Dithmenos
Elyvilon
Fedhas
Gozag
Hepliaklqana
Nemelex Xobeh
Qazlal
Sif Muna
Uskayaw
Vehumet
Yredelemnul
Zin
The Shining One


Innate Abilities, Weirdness & Mutations

You are resistant to torment.
Your stone body is resilient. (AC +6)
You are immune to poison.
You resist negative energy. (rN+)
You are resistant to electric shocks. (rElec)
You can survive without breathing.
You are immune to petrification.
You are immune to rotting.


Message History

The orc wizard seems to speed up.
The orc hits you but does no damage.
The orc warrior hits you with a +0 scimitar.
The orc wizard gestures at you while chanting.
The magic dart hits you!
There is a staircase to the Ecumenical Temple here.
The orc hits you but does no damage.
The orc warrior hits you with a +0 scimitar.
You climb downwards.
Welcome back to the Ecumenical Temple!
There is a staircase back to the Dungeon here.
You closely miss the orc warrior. You block the orc's attack.
You block the orc warrior's attack.
Your chain mail prevents you from hitting the orc warrior.
The orc hits you but does no damage. You block the orc warrior's attack.
The orc hits you but does no damage.
You hit the orc warrior. You block the orc warrior's attack.
The orc hits you but does no damage.
You barely miss the orc warrior.
The orc warrior hits you but does no damage.
The orc hits you but does no damage.
Your shield and chain mail prevent you from hitting the orc warrior.
You block the orc warrior's attack.
The orc hits you with a cursed -1 falchion.
You hit the orc warrior but do no damage.
The orc warrior hits you with a +0 scimitar!
* * * LOW HITPOINT WARNING * * *
The orc closely misses you.
You hit the orc warrior. You block the orc's attack.
You block the orc warrior's attack. The orc hits you but does no damage.
The orc warrior hits you with a +0 scimitar.
* * * LOW HITPOINT WARNING * * *
Unknown command.
You hit the orc warrior but do no damage.
The orc completely misses you.
The orc warrior hits you with a +0 scimitar!
* * * LOW HITPOINT WARNING * * *
Unknown command.
You hit the orc warrior but do no damage.
You block the orc's attack.
The orc warrior hits you but does no damage.
There is an open door here.
Throwing (i - inventory)
v - 12 poisoned darts (quivered)
Aim: an orc warrior, wielding a +0 scimitar and wearing a +0 plate armour (lightly wounded)
You throw a poisoned dart. The poisoned dart hits the orc warrior.
You slash the orc warrior! The orc hits you but does no damage.
The orc warrior barely misses you.
There is an open door here.
You hit the orc warrior but do no damage.
You block the orc's attack.
The orc warrior hits you with a +0 scimitar.
You die...

#####...#####
#...#...#...#
#._.#...#._.#
#...'...'...#
######'######
#.......#...#
#.<.....+._.#
#....(o.#...#
######@######
#...'o..'...#
#._.#...#._.#
#...#...#...#
#####...#####
#...'...'...#
#._.#...#._.#
#...#...#...#
#####...#####


You could see an orc warrior and an orc.

Vanquished Creatures
  Pikel (D:3)
  Sigmund (D:5)
  Eustachio (D:5)
  Edmund (D:5)
  An ice beast (D:6)
  An ogre (D:5)
  A bullfrog (D:6)
  A scorpion (D:6)
  A howler monkey (D:4)
  A crimson imp (D:5)
  A bullfrog zombie (D:4)
  A hound (D:4)
  An iguana (D:4)
  Jessica (D:2)
  3 bullfrog skeletons (D:4)
  Terence (D:2)
  4 orc wizards
  3 worker ants
  A hound skeleton (D:5)
  2 gnolls (D:2)
  8 adders
  An adder skeleton (D:5)
  3 worms
  4 dart slugs
  3 leopard geckos
  9 orcs
  8 bats
  2 giant cockroaches
  9 goblins
  8 hobgoblins
  7 jackals
  2 quokkas
  2 ball pythons
  6 frilled lizards
  6 kobolds
  7 rats
113 creatures vanquished.

Vanquished Creatures (others)
  2 orc priests (D:4)
  Robin (D:4)
  5 hobgoblins (D:4)
  5 goblins (D:4)
13 creatures vanquished.

Grand Total: 126 creatures vanquished

Notes
Turn   | Place    | Note
-------+----------+-------------------------------------------
     0 | D:1      | MrTaco21 the Gargoyle Fighter began the quest for the Orb.
     0 | D:1      | Reached XP level 1. HP: 14/14 MP: 1/1
    59 | D:1      | Reached XP level 2. HP: 13/19 MP: 2/2
   230 | D:1      | Reached skill level 3 in Maces & Flails
   685 | D:2      | Reached XP level 3. HP: 23/23 MP: 3/3
   835 | D:2      | Noticed Terence
   847 | D:2      | Killed Terence
   847 | D:2      | Reached skill level 4 in Maces & Flails
   847 | D:2      | Reached XP level 4. HP: 28/28 MP: 4/4
  1104 | D:2      | Found a white marble altar of Elyvilon.
  1225 | D:2      | Noticed Jessica
  1246 | D:2      | Killed Jessica
  1331 | D:2      | Reached skill level 5 in Maces & Flails
  1331 | D:2      | Reached XP level 5. HP: 31/32 MP: 5/5
  1720 | D:3      | Found a faded altar of an unknown god.
  1865 | D:3      | Found a blossoming altar of Fedhas.
  2441 | D:4      | Noticed a slave
  2485 | D:4      | Noticed Pikel
  2485 | D:4      | Noticed a slave
  2485 | D:4      | Noticed a slave
  2508 | D:3      | Killed Pikel
  2508 | D:3      | Reached skill level 8 in Maces & Flails
  2508 | D:3      | Reached XP level 6. HP: 8/37 MP: 6/6
  2508 | D:3      | Reached XP level 7. HP: 9/41 MP: 7/7
  2853 | D:4      | Killed Robin
  2884 | D:4      | Got an ancient leather armour
  2885 | D:4      | Identified the +1 leather armour of a sewer {rF+ Slay+3}
                  | (You found it on level 4 of the Dungeon)
  2957 | D:4      | Reached skill level 9 in Maces & Flails
  2957 | D:4      | Reached XP level 8. HP: 26/46 MP: 8/8
  3609 | D:4      | Found a shimmering blue altar of Sif Muna.
  3745 | D:5      | Entered Level 5 of the Dungeon
  3793 | D:5      | Noticed Eustachio
  3807 | D:5      | Killed Eustachio
  3807 | D:5      | Reached skill level 10 in Maces & Flails
  3834 | D:5      | Noticed Edmund
  3852 | D:5      | Killed Edmund
  3939 | D:5      | Got a crystal falchion
  3990 | D:5      | Identified the +5 falchion of Armageddon {vorpal, rPois
                  | Int+8 Dex-5} (You found it on level 5 of the Dungeon)
  4005 | D:5      | Found a stormy altar of Qazlal.
  4331 | D:5      | Noticed Sigmund
  4363 | D:5      | Killed Sigmund
  4363 | D:5      | Reached skill level 11 in Maces & Flails
  4749 | D:6      | Reached XP level 9. HP: 39/51 MP: 9/9
  4894 | D:6      | Found a staircase to the Ecumenical Temple.
  4959 | Temple   | Entered the Ecumenical Temple
  5239 | Temple   | HP: 2/51 [orc warrior/+0 scimitar (17)]
  5249 | Temple   | Slain by an orc warrior

Levels and vault maps discovered:
D:1:      giann_bridges, layout_basic
D:2:      layout_basic, minivault_23, elyvilon_altar_3, uniq_jessica,
          uniq_terence
D:3:      layout_basic, nicolae_overflow_crystal_walls,
          chequers_ecumenical_altar_simple_redux
D:4:      layout_loops_cross, lemuel_blue_sif_altar, st_stairs_10,
          minmay_misc_feat_tiny, serial_bayou_crossing, uniq_pikel, uniq_robin
D:5:      layout_gridville, first_ration, nicolae_qazlal_general_emergency,
          uniq_eustachio, uniq_sigmund, uniq_edmund
D:6:      layout_cave_pods, gammafunk_temple_overflow_claw,
          makhleb_heckhound_becter, minmay_temple_entry_waves,
          ebering_ghost_reflecting_pool
Temple:   nicolae_temple_god_jail

Skill      XL: |  1  2  3  4  5  6  7  8 |
---------------+-------------------------+-----
Maces & Flails | 3 4 5 8 9 11 | 11.5
Fighting       | |  3.2
Armour         | |  3.2
Shields        | |  3.2

Action                   |  1- 3 |  4- 6 |  7- 9 || total
-------------------------+-------+-------+-------++-------
Melee: Flail             |   121 |   202 |       ||   323
       Mace              |       |    33 |       ||    33
       Whip              |       |       |   131 ||   131
       Falchion          |       |       |   109 ||   109
Throw: Dart              |       |       |    13 ||    13
  Use: Scroll            |       |     4 |     5 ||     9
  Eat: Chunk             |       |     6 |     8 ||    14
Armor: Scale mail        |    48 |       |       ||    48
       Chain mail        |    28 |   138 |   153 ||   319
       Robe              |       |    14 |       ||    14
       Skin              |       |     7 |       ||     7
Dodge: Dodged            |    36 |    72 |    42 ||   150
Block: Kite shield       |    67 |   115 |   106 ||   288
       Rpst.: Falchion   |       |       |    10 ||    10

Table legend:
 A = Non-vault XP
 B = Vault XP
 C = Vault XP percentage of total XP
 D = Non-vault monster count
 E = Vault monster count
 F = Vault count percentage of total count
                 A         B        C        D         E       F
            +---------+---------+-------+---------+---------+-------
      Total |    1249 |    1408 |  53.0 |     104 |       9 |   8.0
            +---------+---------+-------+---------+---------+-------
        D:1 |      30 |       0 |   0.0 |      17 |       0 |   0.0
        D:2 |      95 |      73 |  43.5 |      26 |       2 |   7.1
        D:3 |      95 |     697 |  88.0 |      24 |       1 |   4.0
        D:4 |     455 |      54 |  10.6 |      17 |       3 |  15.0
        D:5 |     245 |     584 |  70.4 |      13 |       3 |  18.8
        D:6 |     329 |       0 |   0.0 |       7 |       0 |   0.0
            +---------+---------+-------+---------+---------+-------
